 Dungeon Crawl Stone Soup version 0.18.1-50-g88ac8fd (webtiles) character file.

183 StormFighter the Ruffian (level 5, 0/40 HPs)
             Began as a Draconian Transmuter on Sept 7, 2017.
             Was an Initiate of Cheibriados.
             Slain by a sky beast (6 damage)
             ... on level 5 of the Dungeon.
             The game lasted 00:07:19 (3728 turns).

StormFighter the Ruffian (Draconian Transmuter)     Turns: 3728, Time: 00:07:21

Health: 0/40       AC:  2    Str: 14    XL:     5   Next: 35%
Magic:  2/8        EV: 19    Int: 15    God:    Cheibriados [......]
Gold:   208        SH:  0    Dex: 17    Spells: 2 memorised, 4 levels left

rFire  . . .     SeeInvis .       - Unarmed
rCold  . . .     Gourm    .     (armour unavailable)
rNeg   . . .     Faith    .     (shield currently unavailable)
rPois  x         Spirit   .     (helmet currently unavailable)
rElec  .         Dismiss  .     (cloak currently unavailable)
rCorr  .         Reflect  .     (gloves currently unavailable)
SustAt .         Harm     .     (boots currently unavailable)
MR     .....                    (no amulet)
Stlth  ++........               (no ring)
                                (no ring)

@: spider-form, very slightly contaminated, very slow, not resistant to hostile
enchantments, unstealthy
A: unfitting armour, (cold-blooded), AC +5
a: End Transformation, Bend Time, Renounce Religion


You were on level 5 of the Dungeon.
You worshipped Cheibriados.
Cheibriados was noncommittal.
You were hungry.
You were a venomous arachnid creature.
You visited 2 branches of the dungeon, and saw 6 of its levels.

You collected 208 gold pieces.

Inventory:

Missiles
 a - 41 arrows
 n - 12 poisoned needles
Jewellery
 e - an uncursed amulet of harm
Wands
 k - a wand of acid (7/15)
 p - a wand of slowing (4/48)
Scrolls
 g - 2 scrolls of identify
 j - 2 scrolls of teleportation
 m - a scroll of enchant weapon {unknown}
 o - a scroll of recharging {unknown}
Potions
 f - a potion of berserk rage {unknown}
 h - a potion of haste {unknown}
 i - 2 potions of curing {unknown}
 q - a potion of brilliance {unknown}
 s - a potion of invisibility {unknown}
Books
 b - a book of Changes

   Spells                             Type                      Level
   a - Beastly Appendage              Transmutation                1
   b - Sticks to Snakes               Transmutation                2
   c - Spider Form                    Transmutation/Poison         3
   d - Ice Form                       Ice/Transmutation            4
   e - Blade Hands                    Transmutation                5
Comestibles
 c - 5 bread rations
 d - 10 fruits
 l - 3 royal jellies
 r - a slice of pizza


   Skills:
 - Level 1.1 Fighting
 - Level 1.7 Dodging
 + Level 6.1 Unarmed Combat
 - Level 2.0 Spellcasting
 - Level 2.0 Transmutations


You had 4 spell levels left.
You knew the following spells:

 Your Spells              Type           Power        Failure   Level  Hunger
a - Beastly Appendage     Trmt           #.....       28%         1    #......
b - Spider Form           Trmt/Pois      #.........   65%         3    ###....


Dungeon Overview and Level Annotations

Branches:
Dungeon (5/15)             Temple (1/1) D:5

Altars:
Cheibriados
Dithmenos
Fedhas
Gozag
Kikubaaqudgha
Makhleb
Nemelex Xobeh
Okawaru
Pakellas
Ru
Sif Muna
Trog
Vehumet
Yredelemnul
Lugonu

Shops:
D:4 %   D:5 *

Annotations:
D:3 magog001's ghost, amateur CeFi
D:4 Blork the orc; Edmund


Innate Abilities, Weirdness & Mutations

((Your plain brown scales are hard (AC +5).))
Your body does not fit into most forms of armour.
((You are cold-blooded and may be slowed by cold attacks.))


Message History

You closely miss something. Your kick misses something.
Something barely misses you.
You punch something!
Casting: Beastly Appendage
Confirm with . or Enter, or press ? or * to list all spells.
You miscast Spider Form.
You are very lightly contaminated with residual magic.
Strange energies run through your body.
You are feeling hungry.
Something hits you but does no damage.
Casting: Spider Form
Confirm with . or Enter, or press ? or * to list all spells.
Your talons disappear.
You turn into a venomous arachnid creature.
Something barely misses you.
You barely miss something. Something hits you but does no damage.
You hit something. Something hits you.
* * * LOW HITPOINT WARNING * * *
Something shocks you.
You die...

#..##
##.............#
#..#
+.####........#
#..# ###
##.[###### #..#
#..# #..## #.##
#...##### ##.#
####....#
#####..#
###.##)##....## #
#.s{..#...## #
#.##.##.#.#
#..###..#.# ##
##.....##.# ##.
##...###.# ##..
#.......# ####..#
#######.###....##
#..#..####
##...##


There were no monsters in sight!

Vanquished Creatures
  Ijyb (D:2)
  A worker ant zombie (D:5)
  Robin (D:4)
  5 adders
  An ooze (D:2)
  2 worms
  A dart slug (D:1)
  A giant gecko (D:4)
  3 orcs
  4 ball pythons (D:2)
  5 giant cockroaches
  15 goblins
  4 hobgoblins
  4 jackals (D:5)
  2 quokkas (D:3)
  9 bats
  3 giant newts
  5 kobolds
  A quokka skeleton (D:5)
  8 rats
76 creatures vanquished.

Notes
Turn   | Place    | Note
--------------------------------------------------------------
     0 | D:1      | StormFighter the Draconian Transmuter began the quest for the Orb.
     0 | D:1      | Reached XP level 1. HP: 16/16 MP: 3/3
   226 | D:1      | Reached XP level 2. HP: 21/23 MP: 3/5
   625 | D:2      | Reached skill level 4 in Unarmed Combat
   631 | D:2      | Noticed Ijyb
   654 | D:2      | HP: 1/23 [ball python (1)]
   659 | D:2      | Killed Ijyb
   659 | D:2      | Reached XP level 3. HP: 10/28 MP: 4/6
   836 | D:2      | Found a shadowy altar of Dithmenos.
   915 | D:2      | Reached XP level 4. HP: 22/35 MP: 4/7
   941 | D:2      | Learned a level 3 spell: Spider Form
  1033 | D:2      | Reached skill level 5 in Unarmed Combat
  1238 | D:2      | Found an iron altar of Okawaru.
  1486 | D:2      | Found a sacrificial altar of Ru.
  1487 | D:2      | Found an oddly glowing altar of Pakellas.
  1630 | D:3      | Found a burning altar of Makhleb.
  1758 | D:3      | Noticed magog001's ghost (amateur CeFi)
  1819 | D:3      | HP: 1/35 [magog001's ghost (7)]
  2545 | D:3      | Found a bloodstained altar of Trog.
  2888 | D:4      | Noticed Blork the orc
  2902 | D:4      | Noticed Robin
  2912 | D:4      | Reached XP level 5. HP: 38/40 MP: 4/8
  2931 | D:4      | Killed Robin
  3200 | D:4      | Reached skill level 6 in Unarmed Combat
  3285 | D:4      | Noticed Edmund
  3379 | D:4      | Found Xophebex's Food Boutique.
  3389 | D:5      | Entered Level 5 of the Dungeon
  3491 | D:5      | Found an opulent altar of Gozag.
  3495 | D:5      | Found Gozag's Platinum Reserve.
  3638 | D:5      | Found a staircase to the Ecumenical Temple.
  3645 | Temple   | Entered the Ecumenical Temple
  3660 | Temple   | Became a worshipper of Cheibriados the Contemplative
  3711 | D:5      | Noticed a sky beast
  3728 | D:5      | Slain by a sky beast

Skill      XL: |  1  2  3  4  5 |
---------------+----------------+-----
Unarmed Combat | 4 5 6 |  6.1
Fighting       | |  1.1
Dodging        | |  1.7
Spellcasting   | |  2.0
Transmutations | |  2.0

Action                   |  1- 3 |  4- 6 || total
-------------------------+-------+-------++-------
Melee: Unarmed           |   109 |   205 ||   314
       Tailslap          |    11 |    17 ||    28
       Headbutt          |     5 |       ||     5
       Kick              |     2 |     3 ||     5
       Punch             |     1 |     3 ||     4
 Cast: Beastly Appendage |     8 |     4 ||    12
       Spider Form       |       |     3 ||     3
  Use: Potion            |     1 |     1 ||     2
       Scroll            |       |     7 ||     7
 Stab: Sleeping          |       |     1 ||     1
  Eat: Chunk             |       |     7 ||     7
       Fruit             |       |     1 ||     1
       Pizza             |       |     1 ||     1
Armor: Skin              |    52 |    80 ||   132
Dodge: Dodged            |   105 |   170 ||   275
